 Dungeon Crawl Stone Soup version 0.21.1-1-g345015fe64 (webtiles) character file.

86 Ivernyr the Charmwright (level 4, -2/34 HPs)
             Began as a Demonspawn Skald on Apr 30, 2018.
             Slain by an ice beast (13 damage)
             ... on level 2 of the Dungeon.
             The game lasted 00:09:39 (3025 turns).

Ivernyr the Charmwright (Demonspawn Skald)          Turns: 3025, Time: 00:09:40

Health: -2/34      AC:  5    Str: 15    XL:     4   Next: 27%
Magic:  2/7        EV: 13    Int: 14    God:
Gold:   146        SH:  0    Dex: 13    Spells: 2/7 levels left

rFire    . . .     SeeInvis .   a - +0 falchion
rCold    . . .     Gourm    .   (no shield)
rNeg     . . .     Faith    .   b - +0 ring mail (curse)
rPois    .         Spirit   .   (no helmet)
rElec    .         Reflect  .   (no cloak)
rCorr    .         Harm     .   (no gloves)
MR       .....                  (no boots)
Stlth    +.........             (no amulet)
HPRegen  1.11/turn              o - +2 ring of evasion
MPRegen  0.10/turn              l - +3 ring of strength

@: no status effects
A: powered by death 2
a: no special abilities


You were on level 2 of the Dungeon.
You were not hungry.

You visited 1 branch of the dungeon, and saw 3 of its levels.

You collected 146 gold pieces.

Inventory:

Hand Weapons
 a - a +0 falchion (weapon)
Armour
 b - a cursed +0 ring mail (worn)
Jewellery
 l - a +3 ring of strength (right hand)
 o - a +2 ring of evasion (left hand)
Wands
 m - a wand of clouds (8)
Scrolls
 e - a scroll of blinking {unknown}
 f - a scroll of identify {unknown}
 h - 2 scrolls of teleportation {unknown}
 k - a scroll of remove curse {unknown}
 n - a scroll of fear {unknown}
Potions
 g - a potion of magic
 j - a potion of haste
Books
 c - a book of Battle

   Spells                             Type                      Level
   a - Infusion                       Charms                       1
   b - Shroud of Golubria             Charms/Translocation         2
   c - Song of Slaying                Charms                       2
   d - Spectral Weapon                Hexes/Charms                 3
   e - Regeneration                   Charms/Necromancy            3
Comestibles
 d - 5 rations


   Skills:
 + Level 2.6 Fighting
 + Level 2.4 Long Blades
 * Level 2.4 Armour
 - Level 1.7 Dodging
 - Level 2.0 Spellcasting
 + Level 3.1 Charms


You had 2 spell levels left.
You knew the following spells:

 Your Spells              Type           Power        Failure   Level  Hunger
a - Shroud of Golubria    Chrm/Tloc      #.........   34%         2    ###....
b - Song of Slaying       Chrm           ##......     19%         2    ###....
c - Infusion              Chrm           ##..         12%         1    ##.....


Dungeon Overview and Level Annotations

Branches:
Dungeon (3/15)

Altars:
Trog

Annotations:
D:3 Grinder


Innate Abilities, Weirdness & Mutations

You regenerate health from kills.


Message History

The leopard gecko bites you but does no damage.
The leopard gecko bites you but does no damage.
Your shroud begins to fray at the edges.
The leopard gecko bites you but does no damage.
Grinder hits you.
You writhe in agony.
The leopard gecko barely misses you.
Your shroud bends Grinder's attack away!
The leopard gecko bites you but does no damage.
Grinder says, "You look like you could use a good racking."
Grinder gestures at you. You resist with significant effort.
The leopard gecko bites you but does no damage.
Grinder blinks!
The leopard gecko bites you.
* * * LOW HITPOINT WARNING * * *
Your shroud falls apart!
You can move again.
The leopard gecko barely misses you.
You riposte.
You hit the leopard gecko.
You kill the leopard gecko!
You climb upwards.
The ice beast barely misses you. The ice beast hits you.
The ice beast freezes you!
You die...

#...........###..##..
####.................
##...#......###......
####..###......###......
#.......................
###########......#......
#........#........
#........#........
#@Y............###
###.......#...##
###.#.#.#.#....##
##.........#.#...#
#..#...#.#...##(.#
#.##..>...##..#..#
#.........##...(.#
####......####.(.#
###......####Y(###


You could see an ice beast.

Vanquished Creatures
  3 adders
  A dart slug (D:1)
  2 leopard geckos
  2 giant cockroaches (D:2)
  7 goblins
  9 hobgoblins
  4 jackals (D:2)
  6 kobolds
  A quokka (D:2)
  3 ball pythons
  7 bats
  A frilled lizard (D:1)
  4 rats
50 creatures vanquished.

Notes
Turn   | Place    | Note
-------+----------+-------------------------------------------
     0 | D:1      | Ivernyr the Demonspawn Skald began the quest for the Orb.
     0 | D:1      | Reached XP level 1. HP: 16/16 MP: 3/3
    58 | D:1      | Reached skill level 1 in Armour
   420 | D:1      | Gained mutation: You regenerate a little health from kills. [demonic ancestry]
   420 | D:1      | Reached XP level 2. HP: 18/22 MP: 5/5
   572 | D:1      | Learned a level 2 spell: Song of Slaying
   575 | D:1      | Learned a level 2 spell: Shroud of Golubria
  1220 | D:1      | Reached skill level 3 in Charms
  1220 | D:1      | Gained mutation: You regenerate health from kills. [demonic ancestry]
  1220 | D:1      | Reached XP level 3. HP: 27/28 MP: 2/6
  1832 | D:2      | Reached XP level 4. HP: 34/34 MP: 1/7
  1940 | D:2      | Found a bloodstained altar of Trog.
  2590 | D:3      | Noticed an ice beast
  2975 | D:3      | Noticed Grinder
  3018 | D:3      | Paralysed by Grinder for 6 turns
  3025 | D:2      | Slain by an ice beast

Skill      XL: |  1  2  3 |
---------------+----------+-----
Armour         | 1 2 |  2.4
Long Blades    | 2 |  2.4
Charms         | 3 |  3.1
Fighting       | |  2.6
Dodging        | |  1.7
Spellcasting   | |  2.0

Action                   |  1- 3 |  4- 6 || total
-------------------------+-------+-------++-------
Melee: Falchion          |   135 |    64 ||   199
 Cast: Shroud of Golubri |    12 |     9 ||    21
       Song of Slaying   |     2 |     1 ||     3
  Use: Potion            |       |     3 ||     3
  Eat: Chunk             |     4 |     3 ||     7
       Ration            |       |     1 ||     1
Armor: Leather armour    |    37 |     3 ||    40
       Ring mail         |       |    23 ||    23
Dodge: Dodged            |   141 |    70 ||   211
       Rpst.: Falchion   |    48 |    22 ||    70
